 Dungeon Crawl Stone Soup version 0.29-a0-582-ge82337ba6a (webtiles) character file.

Game seed: 17602752824862198432

133779 ryw the Imperceptible (level 16, -17/69 HPs)
             Began as a Spriggan Enchanter on June 11, 2022.
             Was the Champion of Hepliaklqana.
             Killed from afar by Eruidisu's ghost (38 damage)
             ... with a blast of rock fragments
             ... on level 3 of the Shoals on June 14, 2022.
             The game lasted 02:24:49 (43457 turns).

ryw the Imperceptible (Spriggan Enchanter)         Turns: 43457, Time: 02:24:50

Health: -17/69     AC:  3    Str:  4    XL:     16   Next: 60%
Magic:  0/31       EV: 29    Int: 30    God:    Hepliaklqana [******]
Gold:   994        SH:  0    Dex: 16    Spells: 8/36 levels left

rFire   + . .      SeeInvis +   K - +9 quick blade
rCold   . . .      Faith    .   (no shield)
rNeg    . . .      Spirit   +   D - +1 robe of the Dice {rPois rCorr}
rPois   +          Reflect  .   (helmet restricted)
rElec   .          Harm     .   R - scarf {repulsion}
rCorr   +          Rampage  .   (gloves unavailable)
Will    ++...                   (boots unavailable)
Stlth   ++++++++..              x - amulet of guardian spirit
HPRegen 0.21/turn               Y - ring of Celimy {rF+ rCorr}
MPRegen 0.22/turn               F - +6 ring of intelligence

@: confusing by touch, on berserk cooldown, slowed, repel missiles, quick
A: reduced essence, very small, no large weapons, unfitting armour, see
invisible, speed 3
a: Renounce Religion, Recall Ancestor, Ancestor Identity, Transference, Idealise


You were on level 3 of the Shoals.
You worshipped Hepliaklqana.
Hepliaklqana was exalted by your worship.
You visited 6 branches of the dungeon, and saw 28 of its levels.

You collected 2752 gold pieces.
You spent 1758 gold pieces at shops.

Inventory:

Hand Weapons
 K - a +9 quick blade (weapon)
 M - the +0 hunting sling of the Trees {flame, rN+ rCorr}
   (You bought it in a shop on level 11 of the Dungeon)

   Any ammunition fired from it burns those it strikes, dealing additional fire
   damage.
   rN:        It protects you from negative energy.
   rCorr:     It protects you from acid and corrosion.
Missiles
 n - 5 curare-tipped darts
 t - 50 poisoned darts (quivered)
 X - 4 throwing nets
Armour
 i - a +1 robe of cold resistance
 D - the +1 robe of the Dice (worn) {rPois rCorr}
   (You bought it in a shop on level 5 of the Dungeon)

   rPois:     It protects you from poison.
   rCorr:     It protects you from acid and corrosion.
 G - +0 steam dragon scales
 R - a scarf of repulsion (worn)
 V - a +1 buckler
 Z - the +1 robe "Rytisim" {rF+}
   (You bought it in a shop on level 2 of the Orcish Mines)

   rF:        It protects you from fire.
Jewellery
 l - an amulet of regeneration
 r - a ring of flight
 w - the ring of the Ancients {Wiz rN++}
   (You found it on level 3 of the Shoals)

   [ring of wizardry]

   It improves your spell success rate.
   rN:        It greatly protects you from negative energy.
 x - an amulet of guardian spirit (around neck)
 F - a +6 ring of intelligence (right hand)
 U - a +6 ring of strength
 Y - the ring of Celimy (left hand) {rF+ rCorr}
   (You found it on level 6 of the Lair of Beasts)

   [ring of resist corrosion]

   rF:        It protects you from fire.
   rCorr:     It protects you from acid and corrosion.
Wands
 a - a wand of acid (5)
 q - a wand of flame (59)
 u - a wand of polymorph (19)
 y - a wand of charming (20)
 H - a wand of iceblast (15)
 I - a wand of digging (8)
Scrolls
 b - 4 scrolls of blinking
 e - 20 scrolls of identify
 f - 7 scrolls of fog
 j - 2 scrolls of enchant weapon
 k - 11 scrolls of teleportation
 s - 5 scrolls of poison
 J - 4 scrolls of amnesia
 N - 5 scrolls of magic mapping
 W - 2 scrolls of fear
Potions
 c - 4 potions of invisibility
 d - 5 potions of heal wounds
 g - 8 potions of flight
 h - a potion of cancellation
 m - 3 potions of ambrosia
 o - 6 potions of might
 p - 4 potions of magic
 v - 4 potions of lignification
 z - 11 potions of curing
 B - 2 potions of attraction
 C - 3 potions of mutation
 E - 5 potions of haste
 P - a potion of berserk rage
 S - 4 potions of resistance
Miscellaneous
 A - a condenser vane
 L - a tin of tremorstones (2/2)
 Q - a piece from Xom's chessboard (15/15)
 T - a lightning rod (4/4)


   Skills:
 - Level 5.5 Fighting
 - Level 10.6 Short Blades
 - Level 17.6 Dodging
 + Level 22.4 Stealth
 - Level 5.0 Shields
 + Level 10.5 Spellcasting
 - Level 14.0 Hexes
 - Level 2.0 Summonings
 - Level 8.9 Translocations
 + Level 15.2 Transmutations


You had 8 spell levels left.
You knew the following spells:

 Your Spells              Type           Power      Damage    Failure   Level
a - Confusing Touch       Hex            79%        N/A       1%          3
b - Ensorcelled Hibernat  Hex/Ice        100%       N/A       1%          2
c - Tukima's Dance        Hex            79%        N/A       1%          3
d - Dazzling Flash        Conj/Hex       100%       N/A       1%          3
e - Call Canine Familiar  Summ           27%        N/A       4%          3
f - Blink                 Tloc           100%       N/A       1%          2
g - Manifold Assault      Tloc           62%        N/A       2%          5
h - Dragon Form           Tmut           41%        N/A       5%          7

Your spell library contained the following spells:

 Spells                   Type           Power      Damage    Failure   Level
 Wereblood                Tmut           82%        N/A       0%          2
 Passwall                 Tmut/Erth      47%        N/A       1%          2
 Gell's Gravitas          Tloc           62%        N/A       1%          3
 Ignite Poison            Fire/Tmut/Pois 46%        N/A       1%          3
 Lesser Beckoning         Tloc           62%        N/A       1%          3
 Portal Projectile        Hex/Tloc       100%       N/A       1%          3
 Summon Guardian Golem    Hex/Summ       59%        N/A       1%          3
 Teleport Other           Tloc           62%        N/A       1%          3
 Cause Fear               Hex            39%        N/A       1%          4
 Fulminant Prism          Conj/Hex       27%        3d14      1%          4
 Leda's Liquefaction      Hex/Erth       27%        N/A       1%          4
 Petrify                  Tmut/Erth      57%        N/A       1%          4
 Magic Dart               Conj           60%        1d6       3%          1
 Searing Ray              Conj           30%        2d5       4%          2
 Sublimation of Blood     Necr           15%        N/A       4%          2
 Irradiate                Conj/Tmut      28%        3d22      4%          5
 Metabolic Englaciation   Hex/Ice        27%        N/A       5%          5
 Mephitic Cloud           Conj/Pois/Air  15%        N/A       10%         3
 Swiftness                Air            15%        N/A       10%         3
 Statue Form              Tmut/Erth      38%        N/A       22%         6
 Freezing Cloud           Conj/Ice/Air   7%         6-21      67%         5
 Storm Form               Tmut/Air       28%        N/A       77%         7
 Orb of Destruction       Conj           7%         9d6       100%        7
 Spellforged Servitor     Conj/Summ      10%        N/A       100%        7
 Summon Hydra             Summ           13%        N/A       100%        7
 Dragon's Call            Summ           13%        N/A       100%        9


Dungeon Overview and Level Annotations

Branches:
Dungeon (15/15)            Temple (1/1) D:6            Lair (6/6) D:11
 Shoals (3/4) Lair:4        Snake (1/4) Lair:3        Slime (0/5) Lair:6
    Orc (2/2) D:9             Elf (0/3) Orc:2        Vaults (0/5) D:14
 Depths (0/4) D:15

Altars:
Ashenzari
Cheibriados
Elyvilon
Fedhas
Hepliaklqana
Makhleb
Okawaru
Ru
Trog
Uskayaw
Vehumet
Yredelemnul
The Shining One
Jiyva
Lugonu

Shops:
D:5 [[[*(   D:7 (   D:11 *   Orc:1 :   Orc:2 [!?[

Portals:
Trove: D:11 (give 2 scrolls of acquirement)

Annotations:
D:9 2 transporters, exclusions: obsidian statue and 1 more exclusion
D:11 2 transporters, ZappyNine's ghost, journeyman DECj
Shoals:3 1 transporter, Eruidisu's ghost, adept DsNe


Innate Abilities, Weirdness & Mutations

Your life essence is reduced to manifest your ancestor. (-10% HP)
You are very small and have problems with some larger weapons.
You are too small for most types of armour.
You have supernaturally acute eyesight. (SInv)
You cover ground extremely quickly. (Speed+++)


Message History

The merfolk impaler hits Shatu-murrim with a +1 trident of flaming!!
The merfolk impaler burns Shatu-murrim.
Something hits Shatu-murrim.
There is a bloodstained altar of Trog here.
You see here the ring of the Ancients {Wiz rN++}.
w - the ring of the Ancients {Wiz rN++} The merfolk impaler hits you from afar with a +1 trident of flaming!
The merfolk impaler burns you.
Press: ? - help, v - describe, . - travel, g - get item Item here: a scroll of enchant weapon.
The floor.
Unknown command.
Unknown command.
Unknown command.
Unknown command.
Press: ? - help, v - describe, . - travel, g - get item Item here: a scroll of acquirement.
The floor, spattered with blood.
Unknown command.
Shatu-murrim misses Eruidisu's ghost.
The merfolk impaler misses you.
The merfolk impaler completely misses you.
Eruidisu's ghost barely misses Shatu-murrim.
You see here 22 gold pieces.
Shatu-murrim closely misses Eruidisu's ghost.
The merfolk impaler misses you.
You see here a scroll of acquirement.
You can't carry that many items.
Okay, then.
Unknown command.
Unknown command.
Unknown command.
You drop the +4 quarterstaff "Zanne" {vorpal, Str+4 Dex+5}.
The merfolk impaler closely misses you.
Eruidisu's ghost casts a spell next to you.
The wall shatters!
The blast of rock fragments hits you!
Shatu-murrim hits Eruidisu's ghost with a +0 quarterstaff!
The merfolk impaler hits you from afar with a +1 trident of flaming!
Eruidisu's ghost casts a spell next to you.
The wall shatters!
The blast of rock fragments hits you!!!
Ouch! That really hurt!
You die...

≈≈≈≈≈≈≈≈≈≈≈ ≈≈≈©..≈
##### ##.©.### ≈≈
###..y...## ≈≈≈≈
#W.##.....#
≈≈≈≈≈≈≈..##..#≈#W...##..
≈≈≈≈≈≈^..#..##)mR....#..
≈≈≈≈≈PP..#©..@$_$###.#..
≈≈≈≈≈PP..#.###?.?≈# .#.≈
≈≈≈≈≈≈≈..## #§#..## #≈.
≈≈≈≈≈≈≈..≈# ###...## ...
≈≈≈≈≈P≈≈≈≈## #.....##.≈≈
≈≈≈≈≈≈≈)≈≈.###...###.≈≈≈
≈≈≈≈≈≈≈≈≈≈...#####..≈≈≈≈
≈≈≈≈≈≈≈≈≈≈.....©).≈≈≈≈≈≈
≈≈≈≈≈≈≈≈≈≈........≈≈≈≈≈≈


You could see the friendly Shatu-murrim the battlemage, a merfolk impaler, a
moth of wrath and Eruidisu's ghost (ally target).

Vanquished Creatures
  A caustic shrike zombie (D:15)
  A juggernaut skeleton (D:15)
  Snorg (Lair:4)
  2 merfolk impalers
  Erolcha (D:10)
  A vault guard (D:14)
  A catoblepas (Lair:3)
  8 hydras
  A boulder beetle (D:15)
  2 merfolk avatars
  2 merfolk aquamancers
  3 centaur warriors
  Erica (Lair:1)
  2 naga warriors (Snake:1)
  A tengu warrior (D:14)
  A two-headed ogre (D:13)
  A death knight (D:15)
  4 orc high priests (Orc:2)
  Urug (D:11)
  8 death yaks
  A vampire mage (D:15)
  A fire crab (Lair:4)
  3 skeletal warriors (D:15)
  7 sea snakes
  2 lindwurms (Lair:2)
  A phantasmal warrior (D:13)
  4 wizards
  A deep elf zephyrmancer (D:13)
  A harpy (D:13)
  3 necromancers
  9 orc knights
  11 ugly things
  A mana viper (Snake:1)
  10 cyclopes
  3 oklob plants
  2 fauns
  A deep elf pyromancer (D:13)
  A moth of wrath (Shoals:3)
  8 manticores
  5 merfolk sirens
  18 elephants
  2 torpor snails
  5 black mambas
  A naga mage (Snake:1)
  A water nymph (Shoals:2)
  12 cane toads
  An ice statue (D:14)
  2 gargoyles
  2 efreet
  2 unseen horrors
  3 kobold demonologists (D:14)
  5 rime drakes
  4 komodo dragons
  2 yaktaurs
  2 freezing wraiths (D:15)
  A tengu conjurer (D:14)
  3 merfolk
  A hornet (D:10)
  3 polar bears
  A meliai (D:15)
  Grinder (D:3)
  3 trolls
  20 blink frogs
  3 wind drakes
  7 dream sheep
  6 snapping turtles
  An ettin zombie (D:15)
  A spriggan skeleton (D:15)
  Sigmund (D:3)
  12 water elementals
  3 wraiths
  4 wyverns
  A spriggan (Lair:5)
  Eustachio (D:4)
  50 yaks
  A steam dragon (Lair:6)
  Grum (D:9)
  3 basilisks
  11 humans (D:14)
  A vampire mosquito (D:12)
  A warg (Orc:1)
  An acid dragon (D:12)
  2 nagas (Snake:1)
  11 water moccasins
  21 orc warriors
  An ice beast (D:7)
  A black bear (D:3)
  2 boggarts (D:13)
  10 ogres
  4 centaurs
  14 wolves
  A phantom (D:9)
  Blork the orc (D:4)
  5 kobold brigands
  A battlemage (D:15)
  14 bullfrogs
  A necrophage (D:5)
  A scorpion (D:5)
  3 wights (D:7)
  2 troll zombies (D:9)
  3 killer bees (D:9)
  3 howler monkeys
  3 hounds
  A jelly (D:7)
  18 orc priests
  A gnoll shaman (D:6)
  Terence (D:3)
  2 iguanas
  14 orc wizards
  8 hell rats
  5 ogre zombies (D:9)
  Robin (D:3)
  8 gnolls
  6 adders
  3 river rats (Lair:1)
  A shadow imp (D:7)
  A white imp (D:5)
  3 ufetubi
  A worm (D:3)
  6 dart slugs
  45 orcs
  6 endoplasms
  3 giant cockroaches
  15 goblins
  14 hobgoblins
  6 jackals (D:3)
  17 kobolds
  2 quokkas
  10 ball pythons
  9 bats
  4 frilled lizards
  A goblin zombie (D:9)
  A hobgoblin skeleton (D:9)
  3 hobgoblin zombies (D:9)
  An orc skeleton (D:9)
  8 orc zombies (D:9)
  13 rats
664 creatures vanquished.

Vanquished Creatures (collateral kills)
  A hydra (D:15)
  An ice dragon (D:14)
  A catoblepas (D:13)
  A centaur warrior (Shoals:1)
  A merfolk aquamancer (Shoals:3)
  2 two-headed ogres
  A satyr (Shoals:3)
  A death yak (Lair:6)
  An orc high priest (Orc:2)
  2 sea snakes
  A lindwurm (Lair:2)
  An orc knight (Orc:2)
  3 ugly things
  A manticore (Shoals:1)
  2 fauns
  3 elephants
  A black mamba (Lair:3)
  A merfolk siren (Shoals:3)
  An ice statue (D:14)
  A gargoyle (D:12)
  Maggie (D:9)
  A freezing wraith (D:15)
  A komodo dragon (Lair:6)
  A polar bear (Lair:6)
  A troll (D:11)
  2 meliai (D:15)
  2 merfolk
  4 dream sheep
  8 blink frogs
  A snapping turtle (Shoals:1)
  A centaur simulacrum (D:13)
  A spriggan (Lair:5)
  10 yaks
  2 shadows (D:9)
  8 water elementals
  A wyvern (Lair:6)
  7 humans (D:14)
  A warg (Orc:2)
  A naga (Snake:1)
  5 water moccasins
  6 orc warriors
  A black bear (Lair:5)
  9 centaurs
  6 wolves
  4 boggarts (D:15)
  7 killer bees (D:9)
  11 orc priests
  3 orc wizards
  2 hell rats (Lair:1)
  An ogre zombie (D:9)
  2 river rats (Lair:1)
  15 orcs
  3 goblin zombies (D:9)
  2 hobgoblin zombies (D:9)
  An orc skeleton (D:9)
  4 orc zombies (D:9)
  2 rats (Lair:1)
165 creatures vanquished.

Vanquished Creatures (others)
  A dancing weapon (D:4)
  28 battlemagi
  A quokka (D:3)
  2 bushes
  4 demonic plants (D:14)
  38 fungi
  89 plants
  6 withered plants (D:15)
169 creatures vanquished.

Grand Total: 998 creatures vanquished

Notes
Turn   | Place    | Note
-------+----------+-------------------------------------------
     0 | D:1      | ryw the Spriggan Enchanter began the quest for the Orb.
     0 | D:1      | Reached XP level 1. HP: 9/9 MP: 5/5
   174 | D:1      | Reached XP level 2. HP: 13/13 MP: 6/6
   409 | D:1      | Found a faded altar of an unknown god.
   672 | D:1      | Reached XP level 3. HP: 12/16 MP: 8/8
   678 | D:1      | Learned a level 3 spell: Confusing Touch
   681 | D:1      | Learned a level 2 spell: Ensorcelled Hibernation
   685 | D:1      | Learned a level 3 spell: Tukima's Dance
  1531 | D:2      | Reached XP level 4. HP: 21/21 MP: 10/10
  1800 | D:3      | Noticed Sigmund
  1800 | D:3      | Noticed Terence
  1900 | D:3      | Killed Terence
  1901 | D:3      | Reached skill level 5 in Hexes
  1979 | D:3      | Noticed Grinder
  2003 | D:3      | Killed Grinder
  2004 | D:3      | Reached XP level 5. HP: 15/24 MP: 8/12
  2004 | D:3      | Reached XP level 6. HP: 18/28 MP: 8/13
  2358 | D:3      | Found a bloodstained altar of Trog.
  2476 | D:3      | Found a white marble altar of Elyvilon.
  2582 | D:3      | Noticed Robin
  2996 | D:3      | Killed Sigmund
  2997 | D:3      | Reached skill level 5 in Dodging
  2997 | D:3      | Reached skill level 5 in Stealth
  2997 | D:3      | Reached XP level 7. HP: 19/32 MP: 9/15
  3271 | D:3      | Found a basalt altar of Yredelemnul.
  3343 | D:3      | Killed Robin
  3344 | D:3      | Reached skill level 1 in Fighting
  3762 | D:4      | Noticed Blork the orc
  3767 | D:4      | Killed Blork the orc
  3790 | D:4      | Noticed Eustachio
  3822 | D:4      | Killed Eustachio
  3823 | D:4      | Reached skill level 5 in Spellcasting
  4303 | D:4      | Reached skill level 6 in Stealth
  4909 | D:4      | Reached XP level 8. HP: 35/37 MP: 14/17
  5066 | D:5      | Entered Level 5 of the Dungeon
  5704 | D:5      | Found Adeh's Assorted Antiques.
  5707 | D:5      | Bought a yellow potion for 17 gold pieces
  5707 | D:5      | Bought a scroll labelled LEPA ZOAGGE for 19 gold pieces
  6111 | D:5      | Found Hoxomu's Antique Weapon Shoppe.
  6119 | D:5      | Bought a glowing short sword for 108 gold pieces
  6631 | D:5      | Found Jujatad's Armour Shop.
  6634 | D:5      | Bought a +0 cloak for 49 gold pieces
  6708 | D:5      | Found Donydd's Antique Armour Emporium.
  6753 | D:5      | Found Tyle's Armour Shop.
  6942 | D:5      | Reached skill level 10 in Stealth
  6942 | D:5      | Reached XP level 9. HP: 41/41 MP: 17/22
  6968 | D:5      | Learned a level 3 spell: Dazzling Flash
  7359 | D:6      | Found a staircase to the Ecumenical Temple.
  7363 | D:6      | Found the +1 Delatra's gloves {ID++}
  7376 | Temple   | Entered the Ecumenical Temple
  7461 | Temple   | Became a worshipper of Hepliaklqana the Forgotten
  8314 | D:7      | Found Saheux's Antique Weapon Boutique.
  9243 | D:7      | Found a glowing golden altar of the Shining One.
  9272 | D:7      | Reached * piety under Hepliaklqana
  9897 | D:8      | Reached XP level 10. HP: 30/40 MP: 10/23
 10356 | D:8      | Found a snail-covered altar of Cheibriados.
 10627 | D:5      | Bought a colourful robe for 131 gold pieces
 10627 | D:5      | Identified the +1 robe of the Dice {rPois rCorr} (You
                  | bought it in a shop on level 5 of the Dungeon)
 11169 | D:9      | Found a sacrificial altar of Ru.
 11209 | D:9      | Found a broken altar of Ashenzari.
 11209 | D:9      | Noticed an ice dragon
 11210 | D:9      | Noticed a white ugly thing
 11213 | D:9      | Found a transporter.
 11225 | D:9      | Found a transporter.
 11287 | D:9      | Reached skill level 11 in Stealth
 11769 | D:9      | Reached ** piety under Hepliaklqana
 11770 | D:9      | Remembered your ancestor Shatu-murrim as a battlemage
 11885 | D:9      | Found a staircase to the Orcish Mines.
 11885 | D:9      | Noticed Grum
 12208 | D:9      | Noticed Maggie
 12225 | D:9      | Killed Maggie
 12226 | D:9      | Reached skill level 10 in Dodging
 12340 | D:9      | Noticed a two-headed ogre
 12350 | D:9      | Killed a two-headed ogre
 12469 | D:9      | Reached XP level 11. HP: 39/44 MP: 16/25
 12622 | D:9      | Noticed an obsidian statue
 13428 | D:9      | Found a blossoming altar of Fedhas.
 13678 | D:9      | Killed Grum
 13877 | D:9      | Found the +3 giant club "Skullcrusher" {speed, Str+7}
 13904 | D:10     | Entered Level 10 of the Dungeon
 14114 | D:10     | Noticed Erolcha
 14122 | D:10     | Killed Erolcha
 14123 | D:10     | Reached skill level 12 in Stealth
 14611 | D:10     | Noticed a three-headed hydra
 14614 | D:10     | Killed a three-headed hydra
 14708 | D:11     | Noticed a four-headed hydra
 14905 | D:11     | Reached *** piety under Hepliaklqana
 14917 | D:11     | Found a staircase to the Lair.
 14940 | D:11     | Killed a four-headed hydra
 15066 | D:11     | Found a portal to a secret trove of treasure.
 15144 | D:11     | Noticed ZappyNine's ghost (journeyman DECj)
 15144 | D:11     | Noticed an orc knight
 15145 | D:11     | Noticed a white ugly thing
 15154 | D:11     | Found a transporter.
 15168 | D:11     | Noticed Urug
 15188 | D:11     | Killed Urug
 15189 | D:11     | Reached skill level 13 in Stealth
 15402 | D:11     | Found a transporter.
 15512 | D:11     | Found Cuxel's Assorted Antiques.
 15522 | D:11     | Bought a polished hunting sling for 149 gold pieces
 15522 | D:11     | Identified the +0 hunting sling of the Trees {flame, rN+
                  | rCorr} (You bought it in a shop on level 11 of the Dungeon)
 15685 | Lair:1   | Entered Level 1 of the Lair of Beasts
 16000 | Lair:1   | Identified the +4 quarterstaff "Zanne" {vorpal, Str+4
                  | Dex+5}
 16027 | Lair:1   | Reached XP level 12. HP: 41/50 MP: 17/26
 16636 | Lair:1   | Noticed Erica
 16645 | Lair:1   | Killed Erica
 16646 | Lair:1   | Reached skill level 10 in Short Blades
 16802 | Lair:1   | Reached **** piety under Hepliaklqana
 17081 | Lair:2   | Reached skill level 14 in Stealth
 18291 | Lair:2   | Identified a scroll of acquirement
 18291 | Lair:2   | Acquired a +5 quick blade
 18368 | Lair:3   | Noticed a catoblepas
 18399 | Lair:3   | Killed a catoblepas
 18553 | Lair:3   | Noticed a four-headed hydra
 18555 | Lair:3   | Killed a four-headed hydra
 18556 | Lair:3   | Reached skill level 15 in Stealth
 18704 | Lair:3   | Reached skill level 5 in Fighting
 19334 | Lair:3   | Found a staircase to the Snake Pit.
 19405 | Lair:3   | Noticed a death yak
 19482 | Lair:3   | Reached XP level 13. HP: 51/56 MP: 14/27
 19512 | Lair:3   | Reached skill level 16 in Stealth
 20545 | Lair:4   | Reached skill level 17 in Stealth
 20795 | Lair:4   | Found a staircase to the Shoals.
 20796 | Lair:4   | Noticed Snorg
 20799 | Lair:4   | Killed Snorg
 20800 | Lair:4   | Reached skill level 15 in Dodging
 20984 | Lair:4   | Reached ***** piety under Hepliaklqana
 21172 | Lair:4   | Reached skill level 18 in Stealth
 21657 | Lair:3   | Learned a level 3 spell: Call Canine Familiar
 21879 | Lair:4   | Reached skill level 1 in Translocations
 21883 | Lair:4   | Reached skill level 1 in Transmutations
 21943 | Lair:4   | Found a blossoming altar of Fedhas.
 22924 | Lair:5   | Reached XP level 14. HP: 47/61 MP: 11/28
 23873 | Lair:6   | Entered Level 6 of the Lair of Beasts
 23927 | Lair:6   | Reached skill level 19 in Stealth
 23963 | Lair:5   | Reached skill level 5 in Translocations
 24405 | Lair:6   | Identified the +4 mace of Evisceration {freeze, rF+ Dex+5}
 24426 | Lair:6   | Reached skill level 5 in Transmutations
 25843 | Lair:6   | Identified the ring of Celimy {rF+ rCorr}
 26080 | Lair:6   | Found a viscous altar of Jiyva.
 26080 | Lair:6   | Found a staircase to the Slime Pits.
 26336 | Orc:1    | Entered Level 1 of the Orcish Mines
 26502 | Orc:2    | Entered Level 2 of the Orcish Mines
 26875 | Orc:1    | Reached skill level 20 in Stealth
 27027 | Orc:1    | Found Jiawobai's Book Emporium.
 27260 | Orc:1    | Reached ****** piety under Hepliaklqana
 27271 | Orc:1    | Bought a book of Spatial Translocations for 390 gold pieces
 27271 | Orc:1    | Bought a book of the Dragon for 690 gold pieces
 27277 | Orc:1    | Learned a level 2 spell: Blink
 27283 | Orc:1    | Learned a level 5 spell: Manifold Assault
 27291 | Orc:1    | Learned a level 7 spell: Dragon Form
 28431 | Orc:2    | Reached skill level 1 in Summonings
 28447 | Orc:2    | Found a staircase to the Elven Halls.
 29651 | Orc:2    | Reached XP level 15. HP: 55/64 MP: 21/29
 29800 | Orc:2    | Found Kufyreri's Distillery.
 29800 | Orc:2    | Found Ujoese Nill's Antique Armour Shop.
 29801 | Orc:2    | Found Boliem's Armour Shop.
 29801 | Orc:2    | Found Uwyroscheu's Magic Scroll Boutique.
 29812 | Orc:2    | Bought a faintly glowing robe for 205 gold pieces
 29812 | Orc:2    | Identified the +1 robe "Rytisim" {rF+} (You bought it in a
                  | shop on level 2 of the Orcish Mines)
 29927 | D:9      | Found the +8 longbow "Zephyr" {speed, Dex+3 SInv}
 30361 | D:9      | Upgraded the game from 0.29-a0-559-g359e09b9d1 to
                  | 0.29-a0-577-gafbf2c5d25
 31664 | D:13     | Reached skill level 10 in Transmutations
 31769 | D:13     | Identified the +11 battleaxe of Defiance {vorpal, rPois
                  | Str+4}
 32699 | D:13     | Found a hide-covered altar of Uskayaw.
 33118 | D:14     | Found a frozen archway.
 33546 | D:14     | Reached skill level 1 in Shields
 33624 | D:14     | Found a gate to the Vaults.
 34499 | D:14     | Identified the +0 scale mail "Xoecradgh" {Fly rElec rN+
                  | Str-4}
 34549 | D:14     | Found a corrupted altar of Lugonu.
 35666 | D:15     | Entered Level 15 of the Dungeon
 36038 | D:15     | Got Tegajoi's Papyrus of Venom and Feathers
 36268 | D:15     | Reached skill level 21 in Stealth
 36355 | D:15     | Found a staircase to the Depths.
 37784 | D:15     | Reached XP level 16. HP: 69/69 MP: 26/30
 38384 | Snake:1  | Entered Level 1 of the Snake Pit
 38931 | Lair:3   | Upgraded the game from 0.29-a0-577-gafbf2c5d25 to
                  | 0.29-a0-582-ge82337ba6a
 38984 | Shoals:1 | Entered Level 1 of the Shoals
 41245 | Shoals:2 | Reached skill level 22 in Stealth
 42143 | Shoals:2 | Reached skill level 10 in Spellcasting
 42818 | Shoals:3 | Reached skill level 15 in Transmutations
 42933 | Shoals:2 | Reached skill level 5 in Shields
 43193 | Shoals:3 | Found a transporter.
 43383 | Shoals:3 | Found a bloodstained altar of Trog.
 43399 | Shoals:3 | Found a transporter.
 43435 | Shoals:3 | Noticed Eruidisu's ghost (adept DsNe)
 43453 | Shoals:3 | Identified the ring of the Ancients {Wiz rN++}
 43457 | Shoals:3 | Killed from afar by Eruidisu's ghost

Illustrated notes

Levels and vault maps discovered:
D:1:      dpeg_arrival_pond, layout_loops_ring,
          chequers_ecumenical_altar_simple, serial_bayou_pond_c,
          grunt_decor_one_mirror, chequers_arboretum
D:2:      minmay_chambers_of_ones, layout_rooms, bh_walls_and_bars
D:3:      layout_loops_ring, mainiacjoe_overflow_alcove_4, old_standard_altar,
          elyvilon_altar_4, uniq_sigmund, uniq_terence, uniq_grinder, uniq_robin
D:4:      layout_basic, dk_noncrumbling_2, hangedman_decor_riveting,
          kennysheep_cross_room, uniq_eustachio, uniq_blork_the_orc
D:5:      layout_gridville, serial_shops, kennysheep_little_box,
          kennysheep_mini, kennysheep_mini_moat, nicolae_stop_n_shop_2,
          nicolae_shop_advertising_works [nicolae_subvault_shop_adworks]
D:6:      layout_basic, minmay_temple_entry_statues_pillars,
          kennysheep_generic_room_13
D:7:      layout_gridville, tso_altar, serial_shops, shop
D:8:      layout_basic, mainiacjoe_overflow_small_starburst
D:9:      layout_irregular_city, nicolae_ru_awakened_eye,
          mainiacjoe_overflow_concentric_impassable,
          gammafunk_temple_overflow_arena, zombieorc2_lemuel, dk_noncrumbling_4,
          minivault_15, uniq_maggie, uniq_grum
D:10:     layout_rooms, hangedman_ranch, uniq_erolcha
D:11:     layout_small_grid, lair_entry_dummy, serial_shops,
          nicolae_lakefront_shop, nzn_ghost_randoct, enter_trove_2, uniq_urug
D:12:     layout_stronghold, minmay_starry_boxes
D:13:     minmay_bad_star, layout_basic, nicolae_uskayaw_suspiria
D:14:     kennysheep_kobold_lugonu_temple, layout_loops_ring,
          grunt_vaults_entry_tiered, serial_co_window_serial,
          co_window_corner_a, co_window_paths_a, co_window_paths_a,
          co_window_of_opportunity_a, co_window_paths_a, co_window_paths_a,
          co_window_paths_a, co_window_2corner, co_window_broadway_a,
          co_window_broadway_b, co_window_cross_2, co_window_corner_b,
          co_window_paths_c, glass_columns_a, glass_columns_b, glass_columns_b,
          portal_ice_cave_entry_ice_statue_two
D:15:     gammafunk_depths_entry_grave, layout_stronghold,
          minmay_misc_feat_ornament, drop_trap, nicolae_underground_beach
Temple:   minmay_temple_curvy_branch
Lair:1:   layout_cave_pods, kennysheep_abandoned_house, uniq_erica
Lair:2:   layout_chaotic_city, nicolae_lair_lindhole
Lair:3:   layout_roguey, dummy_snake_entry, infiniplex_staircase_pool
Lair:4:   layout_roguey, shoals_dummy_entry, hangedman_tree_tricks, uniq_snorg
Lair:5:   layout_long_grid, forest_entry_grove, grunt_megastairs_3
Lair:6:   gammafunk_lair_ancient_temple, layout_gridlike,
          dpeg_slime_entry_enclosed_altar, lemuel_fruit_tree
Shoals:1: layout_shoals
Shoals:2: layout_shoals, yaktaur_hedge
Shoals:3: cheibrodos_shoals_gigantism, layout_shoals,
          gammafunk_ghost_wrathful_warriors
Snake:1:  layout_layer_cave, uniq_azrael
Orc:1:    layout_caves, serial_shops, shop
Orc:2:    st_orc_pillars, layout_caves, mines3_lemuel

Skill      XL: |  1  2  3  4  5  6  7  8  9 10 11 12 13 14 15 16 |
---------------+-------------------------------------------------+-----
Hexes          | 4 6 7 11 12 13 14 | 14.0
Dodging        | 3 4 5 8 9 10 11 13 16 17 | 17.6
Spellcasting   | 3 4 5 8 9 10 | 10.5
Short Blades   | 2 3 4 7 8 9 10 | 10.6
Stealth        | 5 6 10 11 13 15 18 20 21 22 | 22.4
Fighting       | 1 3 5 |  5.5
Translocations | 3 8 |  8.9
Transmutations | 3 8 13 15 | 15.2
Summonings     | 1 2 |  2.0
Shields        | 3 5 |  5.0

Action                   |  1- 3 |  4- 6 |  7- 9 | 10-12 | 13-15 | 16-18 || total
-------------------------+-------+-------+-------+-------+-------+-------++-------
Melee: Dagger            |    86 |   144 |   181 |       |       |       ||   411
       Punch             |       |     1 |     8 |    17 |    35 |     8 ||    69
       Short sword       |       |       |   191 |   528 |       |       ||   719
       Quick blade       |       |       |       |   191 |  1609 |   369 ||  2169
Throw: Dart              |       |       |     1 |       |       |       ||     1
 Cast: Ensorcelled Hiber |       |     6 |     1 |       |       |       ||     7
       Confusing Touch   |       |     4 |    50 |   137 |   267 |    60 ||   518
       Tukima's Dance    |       |       |     3 |       |       |       ||     3
       Dazzling Flash    |       |       |     3 |     2 |     1 |     1 ||     7
       Call Canine Famil |       |       |       |       |     2 |       ||     2
       Manifold Assault  |       |       |       |       |     1 |       ||     1
Invok: Ancestor Identity |       |       |     1 |       |       |       ||     1
       Recall Ancestor   |       |       |       |    29 |    37 |    11 ||    77
       Ancestor Life: Ba |       |       |       |     1 |       |       ||     1
Evoke: Wand              |       |       |       |       |    19 |     2 ||    21
       Lightning rod     |       |       |       |       |     1 |     1 ||     2
       Tin of tremorston |       |       |       |       |     1 |       ||     1
  Use: Scroll            |       |     4 |     5 |    11 |     4 |     2 ||    26
       Potion            |       |       |    11 |       |     2 |       ||    13
 Stab: Sleeping          |    16 |    11 |    16 |    27 |    54 |    16 ||   140
       Distracted        |     1 |       |     1 |     4 |    10 |     8 ||    24
       Confused          |       |     4 |    27 |    92 |   208 |    48 ||   379
       Invisible         |       |       |     1 |       |     7 |       ||     8
Armor: Robe              |     7 |    12 |    37 |    65 |    64 |     3 ||   188
Dodge: Dodged            |    52 |    91 |   227 |   431 |   721 |   211 ||  1733
       Repelled          |       |       |       |       |     5 |     2 ||     7

Table legend: (Time is in decaauts)
 A = Elapsed time spent in this place.
 B = Non-inter-level travel time spent in this place.
 C = Inter-level travel time spent in this place.
 D = Time resting spent in this place.
 E = Time spent auto-exploring this place.
 F = Levels seen in this place.
 G = Mean time per level.
                   A        B        C        D        E       F      G
               +--------+--------+--------+--------+--------+-----+--------+
         Total |  33978 |  32820 |   1158 |  11845 |  14443 |  28 | 1213.5 |
       Dungeon |  18754 |  18114 |    640 |   6222 |   8319 |  15 | 1250.3 |
        Temple |     67 |     55 |     12 |      0 |     50 |   1 |   67.0 |
          Lair |   9031 |   8700 |    331 |   2761 |   4399 |   6 | 1505.2 |
        Shoals |   2967 |   2877 |     90 |   1604 |    505 |   3 |  989.0 |
     Snake Pit |    433 |    411 |     22 |    260 |     69 |   1 |  433.0 |
  Orcish Mines |   2723 |   2663 |     60 |    997 |   1099 |   2 | 1361.5 |
               +--------+--------+--------+--------+--------+-----+--------+

Top non-repeatable levels by time:
     D:9: 2405 daAuts
  Lair:4: 2377 daAuts
    D:14: 2307 daAuts
Shoals:2: 1771 daAuts
  Lair:3: 1736 daAuts
     D:3: 1663 daAuts
    D:15: 1642 daAuts
     D:5: 1608 daAuts
  Lair:5: 1585 daAuts
   Orc:2: 1466 daAuts
   Orc:1: 1257 daAuts
     D:8: 1221 daAuts
  Lair:6: 1195 daAuts
     D:6: 1168 daAuts
  Lair:1: 1163 daAuts
